 Dungeon Crawl Stone Soup version 0.28-a0-1152-g9c71ebef14 (webtiles) character file.

Game seed: 5958991836569908522

39 mcbry74 the Conjurer (level 3, -2/19 HPs)
             Began as a Deep Elf Conjurer on Dec 14, 2021.
             Slain by a black bear (3 damage)
             ... on level 2 of the Dungeon.
             The game lasted 00:08:59 (1366 turns).

mcbry74 the Conjurer (Deep Elf Conjurer)            Turns: 1366, Time: 00:09:00

Health: -2/19      AC:  3    Str:  4    XL:     3   Next: 26%
Magic:  0/9        EV: 12    Int: 24    God:
Gold:   38         SH:  0    Dex: 13    Spells: 5/8 levels left

rFire   . . .      SeeInvis .   (no weapon)
rCold   . . .      Faith    .   (no shield)
rNeg    . . .      Spirit   .   a - +0 robe
rPois   .          Reflect  .   g - +0 helmet
rElec   .          Harm     .   (no cloak)
rCorr   .          Rampage  .   (no gloves)
Will    .....                   (no boots)
Stlth   ++........              (no amulet)
HPRegen 0.06/turn               e - ring of wizardry
MPRegen 0.11/turn               f - ring of wizardry

@: no status effects
A: no striking features
a: no special abilities


You were on level 2 of the Dungeon.
You visited 1 branch of the dungeon, and saw 2 of its levels.

You collected 38 gold pieces.

Inventory:

Armour
 a - a +0 robe (worn)
 g - a +0 helmet (worn)
Jewellery
 e - a ring of wizardry (left hand)
 f - a ring of wizardry (right hand)
Scrolls
 b - a scroll of immolation {unknown}
 c - a scroll of identify {unknown}
Potions
 d - a potion of curing {unknown}


   Skills:
 - Level 2.4 Dodging
 + Level 2.5 Stealth
 + Level 3.2 Spellcasting
 * Level 5.5 Conjurations


You had 5 spell levels left.
You knew the following spells:

 Your Spells              Type           Power      Damage    Failure   Level
a - Magic Dart            Conj           100%       1d8       1%          1
b - Searing Ray           Conj           60%        2d6       1%          2

Your spell library contained the following spells:

 Spells                   Type           Power      Damage    Failure   Level
 Dazzling Flash           Conj/Hex       34%        N/A       3%          3
 Corpse Rot               Necr/Air       6%         N/A       4%          2
 Ensorcelled Hibernation  Hex/Ice        6%         N/A       4%          2
 Gell's Gravitas          Tloc           3%         N/A       9%          3
 Lesser Beckoning         Tloc           3%         N/A       9%          3
 Spider Form              Tmut/Pois      3%         N/A       9%          3
 Teleport Other           Tloc           3%         N/A       9%          3
 Fulminant Prism          Conj/Hex       8%         3d7       10%         4
 Iskenderun's Mystic Bla  Conj/Tloc      17%        2d5       10%         4
 Summon Lightning Spire   Summ/Air       3%         N/A       26%         4
 Conjure Ball Lightning   Conj/Air       8%         3x3d6     75%         6
 Dispersal                Tloc           1%         N/A       97%         6
 Maxwell's Capacitive Co  Air            1%         ∞         100%        8


Dungeon Overview and Level Annotations

Branches:
Dungeon (2/15)

Altars:

Shops:
D:1 !


Message History

Magic restored.
Found an escape hatch in the floor.
Found a ring mail.
Found a stone staircase leading down.
A black bear comes into view.
Casting: Magic Dart (safe; 1% risk of failure)
Confirm with . or Enter, or press ? or * to list all spells.
Aiming: Searing Ray (safe; 1% risk of failure)
Press: ? - help, Shift-Dir - straight line, f - black bear
Aim: a black bear (wandering, hasn't noticed you, 85% to hit)
The searing ray misses the black bear. (Press . to maintain the ray.)
The searing ray hits the black bear.
The black bear is lightly wounded.
The searing ray hits the black bear.
The black bear is moderately wounded.
The black bear bites you but does no damage.
The black bear claws you. x2
The searing ray hits the black bear.
The black bear is heavily wounded.
You finish channelling your searing ray.
The black bear barely misses you. x3
Casting: Searing Ray (safe; 1% risk of failure)
Confirm with . or Enter, or press ? or * to list all spells.
Aiming: Searing Ray (safe; 1% risk of failure)
Press: ? - help, Shift-Dir - straight line, f/p - black bear
Aim: a black bear (heavily wounded, 85% to hit)
The searing ray hits the black bear!
The black bear is severely wounded. (Press . to maintain the ray.)
The black bear closely misses you. The black bear claws you.
The black bear barely misses you.
The searing ray hits the black bear.
The black bear is almost dead.
The black bear goes berserk!
The searing ray misses the black bear.
The black bear bites you!
Ouch! That really hurt!
* * * LOW HITPOINT WARNING * * *
The black bear claws you.
You die...

..........#..#
..........##.##
..........##..#
#############.##
#..#
#####..######
.............##
..............#
........h@....#
.........>....#
.########..##....
#..# ### #..#
#..# #..# ...#
...


You could see a black bear (berserk).

Vanquished Creatures
  2 dart slugs (D:1)
  5 ball pythons (D:1)
  4 endoplasms
  A giant cockroach (D:1)
  2 goblins (D:1)
  5 hobgoblins (D:1)
  2 kobolds (D:1)
  A quokka (D:1)
  A bat (D:1)
  4 frilled lizards (D:1)
  6 rats (D:1)
33 creatures vanquished.

Vanquished Creatures (others)
  A fungus (D:1)
1 creature vanquished.

Grand Total: 34 creatures vanquished

Notes
Turn   | Place    | Note
-------+----------+-------------------------------------------
     0 | D:1      | mcbry74 the Deep Elf Conjurer began the quest for the Orb.
     0 | D:1      | Reached XP level 1. HP: 10/10 MP: 6/6
   153 | D:1      | Reached XP level 2. HP: 15/15 MP: 0/8
   295 | D:1      | Reached skill level 5 in Conjurations
   563 | D:1      | Got Rokkodor's Reference Book on Flight
   584 | D:1      | Reached XP level 3. HP: 19/19 MP: 5/9
   814 | D:1      | Learned a level 2 spell: Searing Ray
   833 | D:1      | Found a faded altar of an unknown god.
   993 | D:1      | Found Werileco's Distillery.
  1353 | D:2      | Noticed a black bear
  1366 | D:2      | Slain by a black bear

Illustrated notes

Levels and vault maps discovered:
D:1:      wheals_arrival_shading, layout_loops_ring,
          dreamdust_ecumenical_altar_hidden_monk_grotto, serial_shops,
          nicolae_shop_hallway_plus, hangedman_abyss_or_decor_lesser_grid,
          nrook_loot_triangle, st_stairs_1
D:2:      layout_basic, minivault_11, uniq_jessica

Skill      XL: |  1  2 |
---------------+-------+-----
Conjurations   | 5 |  5.5
Dodging        | |  2.4
Stealth        | |  2.5
Spellcasting   | |  3.2

Action                   || total
-------------------------++-------
 Cast: Magic Dart        ||    56
       Searing Ray       ||     2
Armor: Robe              ||     1
Dodge: Dodged            ||     5

Table legend: (Time is in decaauts)
 A = Elapsed time spent in this place.
 B = Non-inter-level travel time spent in this place.
 C = Inter-level travel time spent in this place.
 D = Time resting spent in this place.
 E = Time spent auto-exploring this place.
 F = Levels seen in this place.
 G = Mean time per level.
                   A        B        C        D        E       F      G
               +--------+--------+--------+--------+--------+-----+--------+
         Total |   1364 |   1316 |     48 |    300 |    765 |   2 |  682.0 |
       Dungeon |   1364 |   1316 |     48 |    300 |    765 |   2 |  682.0 |
               +--------+--------+--------+--------+--------+-----+--------+

Top non-repeatable levels by time:
     D:1: 1308 daAuts
     D:2: 56 daAuts
